 Dungeon Crawl Stone Soup version 0.27.1 (webtiles) character file.

Game seed: 7486906251149671674

4304 Crownlay the Cleaver (level 10, -10/93 HPs)
             Began as a Hill Orc Fighter on Aug 29, 2021.
             Was a Believer of the Shining One.
             Mangled by a nine-headed hydra (13 damage)
             ... on level 6 of the Dungeon.
             The game lasted 00:10:56 (9409 turns).

Crownlay the Cleaver (Hill Orc Fighter)             Turns: 9409, Time: 00:10:56

Health: -10/93     AC: 12    Str: 23    XL:     10   Next: 32%
Magic:  15/15      EV: 11    Int:  8    God:    the Shining One [**....]
Gold:   318        SH:  5    Dex: 16    Spells: 9/9 levels left

rFire    . . .     SeeInvis .   m - +4 short sword (flame)
rCold    . . .     Faith    .   E - +0 buckler
rNeg     + . .     Spirit   .   C - +0 acid dragon scales
rPois    .         Reflect  .   g - +0 helmet
rElec    .         Harm     .   (no cloak)
rCorr    +         Rampage  .   y - +0 pair of gloves
Will     .....                  D - +2 pair of boots {Fly}
Stlth    +.........             (no amulet)
HPRegen  0.25/turn              (no ring)
MPRegen  0.14/turn              w - +6 ring of dexterity

@: flying, glowing
A: no striking features
a: Renounce Religion, Divine Shield


You were on level 6 of the Dungeon.
You worshipped the Shining One.
The Shining One was pleased with you.
You visited 1 branch of the dungeon, and saw 7 of its levels.

You collected 318 gold pieces.

Inventory:

Hand Weapons
 a - a +0 war axe
 m - a +4 short sword of flaming (weapon)
 u - a +0 battleaxe
 B - a +2 halberd of flaming
Missiles
 h - 7 curare-tipped darts (quivered)
 l - 2 javelins
Armour
 c - a +0 kite shield
 g - a +0 helmet (worn)
 y - a +0 pair of gloves (worn)
 C - +0 acid dragon scales (worn)
 D - a +2 pair of boots of flying (worn)
 E - a +0 buckler (worn)
Jewellery
 w - a +6 ring of dexterity (right hand)
 F - a ring of magical power
Wands
 b - a wand of flame (15)
 f - a wand of digging (3)
 H - a wand of polymorph (8)
Scrolls
 e - 2 scrolls of blinking
 j - a scroll of enchant armour {unknown}
 o - a scroll of fear {unknown}
 p - a scroll of amnesia {unknown}
 s - a scroll of torment {unknown}
 t - 2 scrolls of magic mapping
 x - 2 scrolls of enchant weapon {unknown}
 A - a scroll of immolation {unknown}
 G - 2 scrolls of teleportation
Potions
 d - 2 potions of curing
 i - 4 potions of lignification
 k - 2 potions of ambrosia
 n - 2 potions of heal wounds {unknown}
 q - a potion of berserk rage {unknown}
 v - 4 potions of might
 z - a potion of haste {unknown}


   Skills:
 * Level 9.9 Fighting
 - Level 14.0 Axes
 - Level 3.2 Armour
 - Level 4.0 Shields
 + Level 7.0 Invocations


You had 9 spell levels left.
You didn't know any spells.
Your spell library contained the following spells:

 Spells                   Type           Power      Damage    Failure   Level
 Animate Skeleton         Necr           0%         N/A       47%         1
 Apportation              Tloc           0%         N/A       47%         1
 Corona                   Hex            0%         N/A       47%         1
 Summon Small Mammal      Summ           0%         N/A       47%         1
 Static Discharge         Conj/Air       0%         N/A       63%         2
 Animate Armour           Summ/Erth      0%         N/A       99%         4
 Dispel Undead            Necr           0%         3d6       99%         4
 Sticky Flame             Conj/Fire      0%         2d3       99%         4
 Blade Hands              Tmut           0%         N/A       100%        5
 Iron Shot                Conj/Erth      0%         9d1       100%        6


Dungeon Overview and Level Annotations

Branches:
Dungeon (7/15)             Temple (0/1) D:7

Altars:
Cheibriados
Dithmenos
Elyvilon
Fedhas
Gozag
Qazlal
Sif Muna
Uskayaw
The Shining One


Message History

You are too injured to fight recklessly!
You are too injured to fight recklessly!
Okay, then.
Okay, then.
Your +4 short sword of flaming bursts into flame!
m - a +4 short sword of flaming (weapon)
Things that are here:
a +0 club; a +0 robe; a gnoll corpse
There is a stone staircase leading up here.
The nine-headed hydra bites you.
The nine-headed hydra bites you but does no damage. x2
The nine-headed hydra bites you.
The nine-headed hydra bites you but does no damage.
You block the nine-headed hydra's attack.
The nine-headed hydra bites you! x2
* * * LOW HITPOINT WARNING * * *
The nine-headed hydra bites you but does no damage.
You fly upwards.
There is a stone staircase leading down here.
You completely miss the nine-headed hydra.
The nine-headed hydra is lightly wounded.
You block the nine-headed hydra's attack.
The nine-headed hydra bites you but does no damage. x2
The nine-headed hydra barely misses you.
You block the nine-headed hydra's attack.
The nine-headed hydra bites you but does no damage. x2
The nine-headed hydra bites you.
* * * LOW HITPOINT WARNING * * *
The nine-headed hydra bites you!
* * * LOW HITPOINT WARNING * * *
You puncture the nine-headed hydra! You burn the nine-headed hydra.
The nine-headed hydra is moderately wounded.
The nine-headed hydra bites you!
* * * LOW HITPOINT WARNING * * *
The nine-headed hydra completely misses you.
The nine-headed hydra closely misses you.
The nine-headed hydra bites you but does no damage. x2
The nine-headed hydra closely misses you.
The nine-headed hydra bites you!
You die...

#.###.#.# #........# #.#
#.#.# #.....(..# #.#
#.#.########.##### #.#
#......# #.# #.#
#......# #.##### #.#
#......#####.....### #.#
#..................#
#.###................#.#
#.#....@...........#....
#.#.###D#..<............
#.#.....#...........##.#
#.####..#.#######...##.#
#.......#...........##.#
####...................#
#.....#######.#.#....
#.....# #.......#
#.....# #.#.#...#


You could see a nine-headed hydra.

Vanquished Creatures
  Maggie (D:6)
  A shadow (D:7)
  10 yaks
  Eustachio (D:6)
  A water moccasin (D:4)
  Duvessa (D:4)
  An ice beast (D:6)
  A black bear (D:7)
  An orc warrior (D:7)
  2 ogres
  2 necrophages
  A kobold brigand (D:4)
  5 bullfrogs
  A wyvern zombie (D:5)
  A scorpion (D:4)
  Dowan (D:4)
  A wyvern skeleton (D:7)
  3 wights (D:5)
  2 hounds
  A jelly (D:5)
  3 gnoll shamans
  4 iguanas
  5 orc wizards
  A killer bee zombie (D:7)
  Robin (D:2)
  15 gnolls
  8 adders
  A shadow imp (D:7)
  2 ufetubi
  2 worms
  A dart slug (D:3)
  13 orcs
  7 ball pythons
  3 bats
  6 endoplasms
  3 giant cockroaches
  14 goblins
  9 hobgoblins
  4 jackals (D:1)
  9 kobolds
  3 quokkas
  2 frilled lizards
  A rat (D:2)
155 creatures vanquished.

Vanquished Creatures (others)
  10 plants (D:3)
10 creatures vanquished.

Grand Total: 165 creatures vanquished

Notes
Turn   | Place    | Note
-------+----------+-------------------------------------------
     0 | D:1      | Crownlay the Hill Orc Fighter began the quest for the Orb.
     0 | D:1      | Reached XP level 1. HP: 19/19 MP: 1/1
    37 | D:1      | Reached skill level 3 in Axes
   262 | D:1      | Reached XP level 2. HP: 24/26 MP: 2/2
   331 | D:1      | Found a faded altar of an unknown god.
   347 | D:1      | Became a worshipper of the Shining One
   347 | D:1      | Reached * piety under the Shining One
   382 | D:1      | Reached skill level 4 in Axes
   682 | D:1      | Reached XP level 3. HP: 28/31 MP: 3/3
  1090 | D:2      | Noticed Robin
  1099 | D:2      | Reached skill level 5 in Axes
  1108 | D:2      | Killed Robin
  1769 | D:2      | Found an opulent altar of Gozag.
  1780 | D:2      | Reached XP level 4. HP: 39/39 MP: 4/4
  2016 | D:2      | Reached skill level 6 in Axes
  2411 | D:3      | Reached XP level 5. HP: 25/45 MP: 5/5
  2631 | D:3      | Reached skill level 7 in Axes
  3550 | D:4      | Reached skill level 8 in Axes
  3550 | D:4      | Reached XP level 6. HP: 51/51 MP: 6/6
  3658 | D:4      | Noticed Dowan
  3659 | D:4      | Noticed Duvessa
  3669 | D:4      | Killed Duvessa
  3670 | D:4      | Reached skill level 9 in Axes
  3677 | D:4      | Killed Dowan
  3678 | D:4      | Reached XP level 7. HP: 18/57 MP: 7/7
  3907 | D:4      | Reached skill level 10 in Axes
  3988 | D:4      | Found a stormy altar of Qazlal.
  4081 | D:4      | Found a shimmering blue altar of Sif Muna.
  4081 | D:4      | Found a shadowy altar of Dithmenos.
  4718 | D:4      | Reached skill level 11 in Axes
  4721 | D:4      | Reached ** piety under the Shining One
  5001 | D:5      | Entered Level 5 of the Dungeon
  5014 | D:5      | Found an opulent altar of Gozag.
  5099 | D:5      | Reached XP level 8. HP: 64/64 MP: 8/8
  5247 | D:5      | Reached skill level 12 in Axes
  5338 | D:5      | Noticed a yak
  5339 | D:5      | Noticed a yak
  5339 | D:5      | Noticed a yak
  5340 | D:5      | Noticed a yak
  5342 | D:5      | Noticed a yak
  5368 | D:5      | HP: 1/64 [yak (13)]
  5371 | D:5      | Killed a yak
  5412 | D:5      | HP: 1/64 [yak (9)]
  5419 | D:4      | Killed a yak
  5742 | D:4      | Killed a yak
  5743 | D:4      | Reached skill level 13 in Axes
  5752 | D:4      | Killed a yak
  5762 | D:4      | Killed a yak
  5763 | D:4      | Reached skill level 14 in Axes
  5763 | D:4      | Reached XP level 9. HP: 23/71 MP: 9/9
  6077 | D:5      | Reached skill level 1 in Invocations
  6171 | D:5      | Found a white marble altar of Elyvilon.
  7176 | D:6      | Noticed Maggie
  7190 | D:6      | Killed Maggie
  7191 | D:6      | Reached skill level 5 in Fighting
  7711 | D:6      | Reached skill level 5 in Invocations
  8090 | D:6      | Noticed Eustachio
  8105 | D:6      | Killed Eustachio
  8106 | D:6      | Reached XP level 10. HP: 85/90 MP: 12/14
  8338 | D:6      | Found a snail-covered altar of Cheibriados.
  9040 | D:7      | Found a staircase to the Ecumenical Temple.
  9146 | D:7      | Found a blossoming altar of Fedhas.
  9146 | D:7      | Found a hide-covered altar of Uskayaw.
  9383 | D:7      | Noticed a two-headed ogre
  9389 | D:7      | Noticed an eight-headed hydra
  9409 | D:6      | HP: 3/93 [nine-headed hydra (11)]
  9409 | D:6      | Mangled by a nine-headed hydra

Illustrated notes

Levels and vault maps discovered:
D:1:      psy_arrival_basics, layout_rooms, hellmonk_ecumenical_altar_lost_god,
          serial_co_window_serial, co_window_paths_a, co_window_paths_a,
          co_window_corner_a, co_window_paths_b, co_window_paths_a,
          co_window_corner_b, co_window_corner_b, co_window_broadway_b,
          co_window_paths_c, co_window_paths_c, co_window_cross_3,
          co_window_2corner, glass_columns_c
D:2:      layout_basic, basic_altar, uniq_robin
D:3:      layout_basic, chequers_big_river
D:4:      layout_loops_ring, grunt_qazlal_sundering,
          gammafunk_temple_overflow_elements, grunt_decor_one_mirror,
          minmay_small_thing, uniq_duvessa
D:5:      layout_layer_cave, grunt_gozag_breadcrumbs, elyvilon_altar_1
D:6:      layout_basic, lemuel_doored_altar, uniq_maggie, uniq_eustachio
D:7:      minmay_cornered_nines, layout_basic, jmf_multi_god_temple,
          minmay_temple_entry_wispy

Skill      XL: |  1  2  3  4  5  6  7  8  9 10 |
---------------+-------------------------------+-----
Axes           | 3 4 5 6 8 9 11 14 | 14.0
Fighting       | 8 9 |  9.9
Invocations    | 6 7 |  7.0
Shields        | 4 |  4.0
Armour         | |  3.2

Action                   |  1- 3 |  4- 6 |  7- 9 | 10-12 || total
-------------------------+-------+-------+-------+-------++-------
Melee: War axe           |    76 |    96 |   171 |    86 ||   429
       Short sword       |       |       |       |     2 ||     2
Throw: Javelin           |       |     2 |       |       ||     2
       Dart              |       |     1 |     5 |       ||     6
Invok: Divine Shield     |       |       |     3 |       ||     3
  Use: Potion            |       |     1 |     2 |       ||     3
       Scroll            |       |       |     2 |     1 ||     3
Armor: Scale mail        |    44 |    43 |    38 |       ||   125
       Skin              |       |       |     4 |       ||     4
       Acid dragon scale |       |       |    10 |    44 ||    54
Dodge: Dodged            |    62 |    37 |    64 |    40 ||   203
Block: Kite shield       |     2 |       |       |       ||     2
       Other             |       |       |     3 |       ||     3
       Buckler           |       |       |       |    14 ||    14
